 Dungeon Crawl Stone Soup version 0.14.2 (webtiles) character file.

3194 magog001 the Nimble (level 9, -5/64 HPs)
             Began as a Minotaur Healer on Aug 19, 2018.
             Was an Initiate of Nemelex Xobeh.
             Slain by a wight
             ... wielding a +3,+2 scimitar
              (9 damage)
             ... on Level 8 of the Dungeon.
             The game lasted 00:49:42 (8770 turns).

magog001 the Nimble (Minotaur Healer)               Turns: 8770, Time: 00:49:42

HP  -5/64        AC  6     Str 28      XL: 9   Next: 56%
MP  10/10        EV 15     Int 11      God: Nemelex Xobeh [......]
Gold 165         SH  0     Dex 10      Spells:  0 memorised,  8 levels left

rFire  . . .     SeeInvis .       - Unarmed
rCold  + . .     Clarity  .     z - +2 robe {rF+}
rNeg   . . .     Conserve .     (no shield)
rPois  .         rCorr    .     (helmet restricted)
rElec  .         rRot     .     t - +0 cloak
SustAb . .       Spirit   .     d - +0 pair of gloves
rMut   .         Warding  .     (no boots)
Saprov . . .     Stasis   .     (no amulet)
MR     .....                    m - ring of ice
                                p - +5 ring of strength

@: mighty, heavily drained, not resistant to hostile enchantments, unstealthy
A: retaliatory headbutt, horns 2
a: Renounce Religion


You were on level 8 of the Dungeon.
You worshipped Nemelex Xobeh.
Nemelex Xobeh was noncommittal.
You were not hungry.

You visited 2 branches of the dungeon, and saw 9 of its levels.

You collected 347 gold pieces.
You spent 182 gold pieces at shops.

Inventory:

Hand weapons
 c - a +5 blowgun
 B - a +0,+0 dire flail
 D - a +0,+0 sling
Missiles
 e - 3 darts of flame
 i - 47 darts (quivered)
 r - 77 stones
 s - 23 poisoned needles
 A - 12 sling bullets
Armour
 d - a +0 pair of gloves (worn)
 t - a +0 cloak (worn)
 z - a +2 robe of fire resistance (worn)
Magical devices
 l - a wand of cold (7)
 o - a wand of digging (13)
 v - a wand of flame (14) {unknown}
 x - a wand of paralysis (5)
 C - a wand of slowing (1)
 E - a wand of enslavement (3)
 F - a wand of random effects (14) {unknown}
Comestibles
 G - a chunk of adder flesh
 J - 9 cheeses
 K - 3 bread rations
Scrolls
 a - a scroll of noise {unknown}
 b - a scroll of fog {unknown}
 h - 7 scrolls of teleportation
 j - a scroll of remove curse
 k - 2 scrolls of magic mapping
 u - 2 scrolls of identify
 w - a scroll of fear
 M - a scroll of amnesia
Jewellery
 m - a ring of ice (right hand)
 p - a +5 ring of strength (left hand)
 y - an uncursed ring of protection from fire
Potions
 f - 2 potions of lignification {unknown}
 q - 2 potions of brilliance
 H - a potion of magic {unknown}
 I - a potion of paralysis {unknown}


   Skills:
 - Level 1.2(0.1) Fighting
 * Level 7.2(5.8) Throwing
 * Level 10.1(8.6) Dodging
 * Level 6.4(5.1) Unarmed Combat
   Level 3.6(2.4) Invocations
 + Level 0.8(0.0) Evocations


You had 8 spell levels left.
You didn't know any spells.

Dungeon Overview and Level Annotations

Branches:
Dungeon (8/15)             Temple (1/1) D:4
   Lair: D:8-11

Altars:
Ashenzari
Cheibriados
Dithmenos
Elyvilon
Fedhas
Kikubaaqudgha
Makhleb
Nemelex Xobeh
Okawaru
Sif Muna
Trog
Vehumet
Xom
Yredelemnul
Zin
The Shining One

Shops:
D:4 *?   D:7 (


Innate Abilities, Weirdness & Mutations

You reflexively headbutt those who attack you in melee.
You have a pair of horns on your head.


Message History

The wight hits you from afar with a spear.
* * * LOW HITPOINT WARNING * * *
You feel drained.
* * * LOW HITPOINT WARNING * * *
Drink which item? (? for menu, Esc to quit)
You feel very mighty all of a sudden. The wight misses you.
The wight hits you but does no damage.
You are now empty-handed.
The wight closely misses you.
You hit the wight.
The wight is moderately damaged.
The wight closely misses you.
You punch the wight!
The wight is almost destroyed.
The wight closely misses you. The wight hits you with a scimitar.
* * * LOW HITPOINT WARNING * * *
You barely miss the wight.
The wight is almost destroyed.
The wight completely misses you. The wight hits you with a scimitar!
You die...
Your body disappears without a glow.

# #.#.# #.#.#.#
#.#.#.###
#.#.....##
####....PP..######
.......P≈≈P.......
###..#...........#
#..##'......###.#
#.##_##..⌠....#@#
#. ###........#z##
# #....(.##.z.<#
#.....#.###.#.##
#...#.#.# #.#.#
#.#.#.#.# #.#.#
#.#.#.#.# #.#.#
#.#.#.###.#.#
#.#.....#.#


You could see 2 wights.

Vanquished Creatures
  Pikel (D:8)
  2 yaks (D:7)
  A human (D:7)
  A hippogriff (D:7)
  Eustachio (D:7)
  A hungry ghost (D:7)
  Edmund (D:6)
  A yellow wasp (D:8)
  3 ice beasts
  A sky beast (D:7)
  2 slaves (D:8)
  A centaur (D:7)
  Duvessa (D:6)
  3 giant frogs
  Blork the orc (D:7)
  A scorpion (D:5)
  A wight (D:8)
  A hound (D:7)
  Dowan (D:6)
  3 crimson imps (D:7)
  An orc priest (D:5)
  A black bear zombie (D:5)
  3 iguanas
  An orc wizard (D:5)
  2 worker ants
  2 sheep (D:7)
  An ogre skeleton (D:4)
  Terence (D:2)
  A worker ant zombie (D:5)
  4 adders
  A shadow imp (D:7)
  2 giant mites
  2 green rats (D:7)
  An inept feature mimic (D:5)
  3 worms
  A giant eyeball (D:7)
  3 giant geckos
  An ooze (D:1)
  8 orcs
  A ball python (D:2)
  11 bats
  A bat skeleton (D:1)
  7 goblins
  12 hobgoblins
  8 jackals
  15 kobolds
  4 quokkas
  3 giant cockroaches
  6 giant newts
  A giant spore (D:6)
  15 rats
  20 ballistomycetes
171 creatures vanquished.

Vanquished Creatures (others)
  A human (D:6)
  A giant frog (D:6)
  2 giant spores
  A kobold (D:1)
5 creatures vanquished.

Grand Total: 176 creatures vanquished

Notes
Turn   | Place    | Note
--------------------------------------------------------------
     0 | D:1      | magog001, the Minotaur Healer, began the quest for the Orb.
     0 | D:1      | Reached XP level 1. HP: 16/16 MP: 1/1
   798 | D:1      | Reached skill level 3 in Invocations
   798 | D:1      | Reached XP level 2. HP: 11/23 MP: 0/2
  1416 | D:1      | Reached skill level 1 in Unarmed Combat
  1688 | D:1      | Reached XP level 3. HP: 19/28 MP: 4/4
  2062 | D:2      | Found a white marble altar of Elyvilon.
  2718 | D:2      | Noticed Terence
  2733 | D:2      | Killed Terence
  3513 | D:3      | Reached XP level 4. HP: 32/35 MP: 3/5
  3575 | D:3      | Found a blossoming altar of Fedhas.
  3774 | D:3      | Found a radiant altar of Vehumet.
  4257 | D:4      | Reached skill level 1 in Throwing
  4323 | D:4      | Reached skill level 4 in Dodging
  4404 | D:4      | Found Bifegh's General Store.
  4502 | D:4      | Reached XP level 5. HP: 40/40 MP: 5/5
  4563 | D:4      | Found Kuwk's Magic Scroll Shoppe.
  4632 | D:4      | Bought a scroll of enchant weapon I for 49 gold pieces
  4632 | D:4      | Bought a scroll of identify for 28 gold pieces
  4632 | D:4      | Bought a scroll of identify for 28 gold pieces
  4632 | D:4      | Bought a scroll of enchant weapon I for 49 gold pieces
  4632 | D:4      | Bought a scroll of identify for 28 gold pieces
  4670 | D:4      | Found a staircase to the Ecumenical Temple.
  4676 | Temple   | Entered the Ecumenical Temple
  4704 | Temple   | Fell from the grace of Elyvilon
  4704 | Temple   | Became a worshipper of Nemelex Xobeh the Trickster
  4769 | D:5      | Entered Level 5 of the Dungeon
  4926 | D:5      | Reached XP level 6. HP: 47/47 MP: 7/7
  5143 | D:5      | Reached skill level 5 in Dodging
  5854 | D:6      | Noticed Edmund
  5875 | D:6      | Killed Edmund
  5875 | D:6      | Reached XP level 7. HP: 52/52 MP: 7/7
  5912 | D:6      | Found an ancient bone altar of Kikubaaqudgha.
  5917 | D:6      | Noticed a human
  5919 | D:6      | Killed a human
  5949 | D:6      | Noticed Dowan
  5950 | D:6      | Noticed Duvessa
  5969 | D:6      | Killed Duvessa
  5978 | D:6      | Killed Dowan
  6466 | D:7      | Reached skill level 6 in Dodging
  6598 | D:7      | Found Fuode's Antique Weapon Shop.
  6652 | D:7      | Noticed Eustachio
  6705 | D:7      | Killed Eustachio
  6705 | D:7      | Reached skill level 5 in Throwing
  6789 | D:7      | Reached XP level 8. HP: 45/59 MP: 8/8
  7086 | D:7      | Reached skill level 7 in Dodging
  7464 | D:7      | Noticed a human
  7464 | D:7      | Noticed a yak
  7465 | D:7      | Noticed a yak
  7481 | D:7      | Killed a human
  7481 | D:7      | Reached skill level 8 in Dodging
  7489 | D:7      | Killed a yak
  7499 | D:7      | Killed a yak
  7499 | D:7      | Reached XP level 9. HP: 4/64 MP: 10/10
  7829 | D:7      | Reached skill level 5 in Unarmed Combat
  7878 | D:7      | Noticed Blork the orc
  7889 | D:7      | Killed Blork the orc
  7923 | D:7      | Reached skill level 9 in Dodging
  8412 | D:7      | Paralysed by a giant eyeball for 3 turns
  8640 | D:8      | Noticed Pikel
  8659 | D:8      | Killed Pikel
  8718 | D:8      | Found a glowing golden altar of the Shining One.
  8735 | D:8      | Paralysed by a yellow wasp for 1 turns
  8736 | D:8      | Reached skill level 10 in Dodging
  8770 | D:8      | Slain by a wight

Action                   |  1- 3 |  4- 6 |  7- 9 || total
-------------------------+-------+-------+-------++-------
Melee: Unarmed           |   175 |   100 |   281 ||   556
       Dire flail        |       |       |     6 ||     6
 Fire: Blowgun           |       |    83 |    47 ||   130
Throw: Dart              |       |       |     6 ||     6
Invok: Lesser Healing    |     9 |       |       ||     9
       Lesser Self-Heali |     2 |       |       ||     2
Evoke: Wand              |       |     3 |     2 ||     5
  Use: Potion            |     3 |     4 |     7 ||    14
       Scroll            |       |    15 |     2 ||    17
